Map: Prion Terraces

Players

ShoWTimE - Winner!

  • Race: Protoss Protoss

Nerchio

  • Race: Zerg Zerg
  • League: Grandmaster

Event: DreamHack ROCCAT LotV Championship

VOD

Have the link to the VOD?

Description

Time

  • Played on: Nov. 28, 2015, 9:14 a.m.
  • Length: 15:44

All games in this series

Show
View Real Time Build Order
Export as new Build Order

ShoWTimE Protoss - Winner!

Build Orders: Nexus First 

Get SALT Encoding   

  12  0:01  Probe (Chrono Boost)  
  13  0:11  Probe (Chrono Boost)  
  14  0:18  Pylon  
  14  0:22  Probe (Chrono Boost)  
  15  0:37  Probe (Chrono Boost)  
  16  0:47  Probe (Chrono Boost)  
  17  1:00  Nexus  
  17  1:10  Gateway  
  17  1:12  Probe (Chrono Boost)  
  18  1:19  Assimilator  
  18  1:23  Probe (Chrono Boost)  
  19  1:33  Probe (Chrono Boost)  
  19  1:38  Gateway  
  20  1:44  Probe (Chrono Boost)  
  21  1:51  Assimilator  
  21  1:54  Probe (Chrono Boost)  
  21  1:58  Cybernetics Core  
  22  2:05  Probe (Chrono Boost)  
  23  2:11  Zealot (Chrono Boost)  
  23  2:14  Probe (Chrono Boost)  
  26  2:15  Probe (Chrono Boost)  
  27  2:24  Probe x2 (Chrono Boost)  
  29  2:33  Pylon  
  29  2:35  Warp Gate  
  29  2:40  Probe (Chrono Boost)  
  29  2:42  Mothership Core (Chrono Boost)  
  32  2:51  Probe  
  33  2:52  Adept (Chrono Boost)  
  35  3:00  Probe  
  35  3:03  Probe  
  39  3:05  Adept (Chrono Boost)  
  39  3:11  Probe  
  39  3:15  Probe, Pylon  
  39  3:17  Adept (Chrono Boost)  
  42  3:21  Probe  
  42  3:25  Pylon  
  43  3:27  Probe  
  43  3:32  Probe  
  47  3:35  Adept (Chrono Boost)  
  47  3:39  Probe  
  48  3:42  Probe  
  48  3:47  Adept (Chrono Boost)  
  51  3:53  Probe  
  52  4:00  Stargate  
  52  4:01  Probe  
  52  4:02  Stargate  
  53  4:06  Probe (Chrono Boost)  
  53  4:08  Assimilator  
  54  4:11  Pylon  
  54  4:12  Assimilator  
  54  4:15  Probe (Chrono Boost)  
  55  4:19  Probe (Chrono Boost)  
  55  4:22  Pylon  
  56  4:26  Probe (Chrono Boost)  
  56  4:29  Probe (Chrono Boost)  
  58  4:34  Pylon  
  58  4:36  Probe (Chrono Boost)  
  59  4:42  Stalker x2  
  63  4:50  Probe (Chrono Boost)  
  63  4:51  Probe (Chrono Boost)  
  65  4:53  Phoenix x2 (Chrono Boost)  
  69  5:00  Robotics Facility  
  69  5:01  Probe  
  69  5:02  Probe  
  71  5:14  Probe  
  72  5:15  Phoenix x2 (Chrono Boost)  
  72  5:18  Probe  
  77  5:21  Pylon  
  77  5:29  Nexus  
  77  5:33  Pylon  
  77  5:37  Pylon  
  77  5:40  Phoenix (Chrono Boost)  
  79  5:44  Phoenix (Chrono Boost)  
  79  5:45  Probe  
  81  5:57  Robotics Bay  
  81  5:59  Probe x2  
  81  6:03  Phoenix (Chrono Boost)  
  85  6:13  Stalker x2  
  89  6:20  Immortal (Chrono Boost)  
  89  6:22  Probe x2  
  95  6:30  Forge, Phoenix  
  97  6:35  Probe, Phoenix  
  97  6:36  Probe  
  101  6:47  Probe, Zealot x2  
  101  6:48  Probe  
  101  6:49  Probe  
  101  6:52  Assimilator  
  108  6:56  Disruptor (Chrono Boost), Assimilator  
  108  6:57  Protoss Ground Weapons Level 1 (Chrono Boost)  
  108  6:59  Probe  
  108  7:00  Pylon  
  112  7:04  Pylon  
  112  7:05  Pylon  
  112  7:10  Probe  
  112  7:13  Probe  
  114  7:19  Zealot x2  
  114  7:22  Twilight Council  
  118  7:24  Gateway, Pylon  
  118  7:25  Gateway  
  118  7:40  Gateway  
  118  7:42  Gateway  
  118  7:43  Photon Cannon  
  118  7:44  Stalker x2, Gateway  
  118  7:45  Pylon  
  120  7:54  Immortal  
  120  7:55  Gateway  
  120  7:56  Gateway  
  120  7:58  Pylon  
  120  8:05  Pylon  
  124  8:06  Blink (Chrono Boost)  
  124  8:09  Stalker  
  126  8:15  Zealot  
  126  8:17  Pylon  
  128  8:29  Sentry x2  
  136  8:37  Stalker  
  136  8:38  Stalker  
  140  8:48  Stalker x2  
  142  8:51  Disruptor, Protoss Ground Weapons Level 2  
  142  8:52  Nexus  
  142  8:53  Pylon  
  144  9:00  Photon Cannon  
  141  9:02  Pylon  
  141  9:03  Photon Cannon  
  141  9:08  Photon Cannon  
  141  9:12  Photon Cannon  
  141  9:20  Adept x2, Zealot x5  
  155  9:26  Photon Cannon  
  155  9:29  Disruptor  
  158  9:40  Probe x2  
  158  9:45  Templar Archives  
  160  9:50  Stalker x2  
  164  9:53  Charge (Chrono Boost)  
  164  9:55  Zealot x2  
  164  9:56  Zealot x2  
  172  10:03  Zealot x2  
  172  10:04  Observer  
  173  10:16  Zealot  
  171  10:23  Stalker  
  171  10:24  Stalker x3  
  143  10:38  Zealot x3  
  143  10:39  Zealot x2, Warp Prism  
  151  10:47  High Templar x4  
  161  10:52  Archon x2  
  161  11:02  Robotics Facility  
  161  11:10  Immortal  
  149  11:13  High Templar x4  
  149  11:15  Probe x2  
  149  11:18  Archon  
  163  11:19  Archon  
  163  11:27  Stalker x2, Zealot  
  163  11:28  Zealot x2  
  163  11:30  Protoss Ground Weapons Level 3  
  173  11:42  Resonating Glaives (Chrono Boost)  
  173  11:44  Nexus  
  173  11:46  Pylon  
  173  11:53  Zealot x4  
  183  11:58  Fleet Beacon  
  177  12:09  Stalker  
  177  12:10  Stalker x2  
  171  12:17  Zealot x6  
  179  12:24  Assimilator  
  179  12:26  Photon Cannon  
  179  12:27  Assimilator  
  156  12:41  Zealot x2  
  156  12:42  Zealot x5  
  170  12:46  Tempest x2 (Chrono Boost)  
  177  12:54  Zealot x2  
  157  13:15  Stalker x3  
  159  13:22  Assimilator  
  159  13:24  Tempest x2 (Chrono Boost), Assimilator  
  167  13:29  High Templar x4  
  175  13:34  Archon  
  175  13:35  Archon  
  161  13:56  Stalker x4  
  161  13:57  Stalker  
  168  14:08  Disruptor  
  141  14:13  Disruptor  
  141  14:14  Zealot x3  
  146  14:17  Probe  
  138  14:27  Nexus  
  136  14:42  Observer  
  137  14:49  Disruptor  
  140  14:58  Disruptor  
  143  15:11  High Templar x3  
  147  15:17  High Templar  
  147  15:18  Archon  
  149  15:22  Archon  
Show
View Real Time Build Order
Export as new Build Order

Nerchio Zerg 

Build Orders: Hatch First, Lurkers 

Get SALT Encoding   

  12  0:00  Drone  
  13  0:12  Overlord  
  13  0:17  Drone  
  14  0:30  Drone x2  
  14  0:34  Drone  
  17  0:51  Drone  
  18  0:58  Hatchery  
  18  1:01  Drone  
  18  1:03  Extractor  
  17  1:14  Spawning Pool  
  16  1:19  Drone  
  16  1:23  Drone  
  18  1:28  Drone  
  19  1:38  Drone  
  20  1:49  Overlord  
  20  2:01  Queen  
  20  2:06  Metabolic Boost  
  22  2:10  Drone x2  
  22  2:11  Drone  
  25  2:21  Queen  
  26  2:26  Drone  
  27  2:30  Zergling x2  
  27  2:31  Zergling x2  
  27  2:33  Zergling x2  
  30  2:43  Zergling x4  
  32  2:52  Evolution Chamber  
  31  2:58  Hatchery  
  30  3:06  Drone  
  30  3:07  Drone x3  
  30  3:12  Drone x2  
  36  3:13  Overlord  
  36  3:15  Overlord  
  36  3:31  Queen  
  36  3:33  Drone x5  
  43  3:35  Drone  
  44  3:41  Overlord  
  44  3:48  Drone  
  43  3:49  Extractor  
  43  3:50  Extractor  
  43  3:55  Roach Warren, Zergling x8  
  42  4:10  Drone x2  
  42  4:13  Queen  
  46  4:24  Drone x2  
  46  4:25  Drone x2, Overlord  
  46  4:27  Drone x3  
  46  4:28  Overlord  
  53  4:36  Lair  
  53  4:38  Zerg Melee Weapons Level 1  
  53  4:41  Roach x3  
  53  4:42  Roach  
  61  4:47  Roach  
  61  4:50  Drone x3  
  61  4:51  Drone  
  66  4:54  Drone x2  
  66  4:55  Extractor  
  66  4:57  Roach  
  71  5:00  Roach  
  71  5:02  Overlord  
  71  5:05  Zergling x4  
  71  5:06  Zergling x2  
  73  5:13  Overlord  
  73  5:16  Overlord x2  
  73  5:23  Drone x7  
  73  5:26  Zergling x2  
  73  5:28  Overlord  
  81  5:29  Overlord  
  81  5:36  Pneumatized Carapace  
  81  5:38  Zergling x6  
  81  5:42  Spire  
  83  5:53  Queen x2  
  83  6:06  Drone x4  
  83  6:07  Spore Crawler, Extractor  
  83  6:09  Drone  
  83  6:10  Drone  
  85  6:13  Overlord  
  85  6:16  Spore Crawler  
  85  6:17  Drone  
  85  6:19  Queen  
  86  6:28  Hatchery  
  86  6:31  Spore Crawler  
  84  6:33  Spore Crawler  
  84  6:35  Drone x2  
  84  6:36  Drone, Glial Reconstitution, Extractor  
  85  6:40  Queen  
  83  6:53  Corruptor x7  
  89  6:57  Drone x3  
  89  7:00  Drone  
  98  7:06  Zerg Melee Weapons Level 2  
  98  7:07  Drone x4  
  102  7:10  Overlord  
  102  7:13  Roach  
  104  7:17  Roach  
  104  7:20  Roach  
  108  7:27  Roach  
  110  7:31  Roach  
  110  7:32  Roach x5  
  110  7:33  Overlord x2  
  121  7:38  Hydralisk Den  
  121  7:39  Roach x2  
  121  7:40  Roach  
  121  7:44  Overlord  
  123  7:49  Infestation Pit  
  123  7:50  Drone x2  
  122  7:51  Drone  
  122  7:52  Drone  
  122  7:54  Queen  
  126  8:08  Hydralisk x3  
  126  8:09  Hydralisk x5  
  142  8:17  Drone x3  
  142  8:18  Overlord  
  145  8:24  Hydralisk x3  
  145  8:26  Extractor  
  149  8:28  Hydralisk x2  
  149  8:29  Drone  
  151  8:37  Hive  
  151  8:38  Drone x3  
  150  8:45  Overlord x2  
  150  8:47  Drone x4  
  150  8:48  Drone  
  148  9:04  Hydralisk x3  
  148  9:05  Hydralisk x3  
  148  9:07  Hydralisk  
  162  9:10  Roach x2  
  162  9:13  Muscular Augments  
  162  9:16  Overlord  
  166  9:18  Overlord  
  166  9:22  Zerg Missile Weapons Level 1, Overlord  
  166  9:24  Overlord  
  166  9:27  Overlord  
  166  9:32  Overlord x2  
  166  9:38  Overseer  
  166  9:40  Zergling x12  
  166  9:41  Zergling x2  
  166  9:42  Zergling x4  
  166  9:43  Zergling x2  
  176  9:46  Zergling x4  
  176  9:48  Zergling x2  
  177  9:55  Zergling x6  
  177  9:56  Greater Spire  
  180  10:00  Zergling x2  
  180  10:03  Zergling x6  
  184  10:08  Zergling x8  
  184  10:12  Zergling x8  
  184  10:13  Zergling x2  
  176  10:20  Zergling x2  
  176  10:21  Zergling x2  
  142  10:28  Roach  
  142  10:29  Roach x2  
  142  10:32  Roach  
  142  10:34  Roach x2  
  142  10:35  Roach x3  
  144  10:40  Corruptor  
  144  10:41  Corruptor  
  143  10:45  Corruptor x2  
  143  10:47  Extractor  
  146  10:52  Hydralisk x2  
  146  10:55  Lurker Den  
  146  10:56  Hydralisk x2  
  154  11:02  Hydralisk  
  156  11:05  Hydralisk x2  
  155  11:14  Brood Lord x3  
  155  11:16  Brood Lord  
  163  11:20  Brood Lord  
  164  11:26  Brood Lord  
  166  11:42  Zergling x26  
  179  11:48  Brood Lord  
  175  12:05  Brood Lord  
  175  12:08  Overseer  
  172  12:22  Lurker x8  
  174  12:24  Roach  
  174  12:25  Zergling x18  
  174  12:29  Roach  
  179  12:31  Roach  
  179  12:34  Roach  
  158  12:47  Roach x2  
  158  12:49  Roach  
  161  12:55  Roach  
  159  13:01  Roach  
  146  13:08  Roach  
  135  13:14  Roach  
  130  13:20  Roach  
  132  13:30  Roach  
  132  13:31  Lurker  
  135  13:35  Lurker  
  111  14:01  Hydralisk  
  111  14:02  Hydralisk x3  
  119  14:07  Hydralisk  
  109  14:12  Hydralisk  
  111  14:24  Hydralisk  
  97  14:33  Hydralisk  
  99  14:39  Hydralisk  
  93  14:46  Hydralisk  
  93  14:50  Drone  
  93  14:51  Drone  
  93  14:52  Drone  
  96  14:56  Drone  
  97  15:00  Drone  
  97  15:03  Drone  
  95  15:12  Hydralisk  
  97  15:17  Hydralisk  

Tags
 
Add a new tag
Caveats
  • Supply blocks, unpowered buildings, or Contaminate may cause inaccurate times.
  • Supply counts are checked every 10 seconds.